 Dungeon Crawl Stone Soup version 0.21-a0-135-g8dc100c (webtiles) character file.

129 Ordine the Magician (level 4, -2/24 HPs)
             Began as a Deep Elf Wizard on July 17, 2017.
             Slain by an orc
             ... wielding a +0 flail
              (8 damage)
             ... on level 3 of the Dungeon.
             The game lasted 00:07:10 (2672 turns).

Ordine the Magician (Deep Elf Wizard)               Turns: 2672, Time: 00:07:11

Health: -2/24      AC:  2    Str:  4    XL:     4   Next: 88%
Magic:  3/13       EV: 14    Int: 24    God:
Gold:   144        SH:  0    Dex: 13    Spells: 2/13 levels left

rFire    . . .     SeeInvis .   o - +2 whip (venom)
rCold    . . .     Gourm    .   (no shield)
rNeg     . . .     Faith    .   a - +0 robe
rPois    .         Spirit   .   b - +0 hat
rElec    .         Reflect  .   (no cloak)
rCorr    .         Harm     .   (no gloves)
MR       .....                  (no boots)
Stlth    ++........             (no amulet)
HPRegen  0.08/turn              e - +1 ring of evasion
MPRegen  0.13/turn              (no ring)

@: very slightly contaminated
A: no striking features
a: no special abilities


You were on level 3 of the Dungeon.
You were not hungry.

You visited 1 branch of the dungeon, and saw 3 of its levels.

You collected 144 gold pieces.

Inventory:

Hand Weapons
 f - a +2 hand axe of freezing
 o - a +2 whip of venom (weapon)
Armour
 a - a +0 robe (worn)
 b - a +0 hat (worn)
Jewellery
 e - a +1 ring of evasion (left hand)
Scrolls
 h - a scroll of teleportation
 l - 2 scrolls of identify
 m - a scroll of remove curse
Potions
 g - 3 potions of flight
 j - a potion of magic {unknown}
 k - a potion of cancellation {unknown}
 n - a potion of curing {unknown}
Books
 c - a book of Minor Magic

   Spells                             Type                      Level
   a - Magic Dart                     Conjuration                  1
   b - Blink                          Translocation                2
   c - Call Imp                       Summoning                    2
   d - Slow                           Hexes                        2
   e - Conjure Flame                  Conjuration/Fire             3
   f - Mephitic Cloud                 Conjuration/Poison/Air       3
Comestibles
 d - 3 bread rations
 i - a meat ration


   Skills:
 - Level 3.0 Dodging
 * Level 3.7 Stealth
 - Level 5.0 Spellcasting
 + Level 2.2 Conjurations
 + Level 2.1 Summonings
 + Level 1.7 Translocations
 + Level 0.2 Fire Magic
 + Level 1.0 Air Magic
 + Level 0.7 Poison Magic


You had 2 spell levels left.
You knew the following spells:

 Your Spells              Type           Power        Failure   Level  Hunger
a - Magic Dart            Conj           ###.         3%          1    None
b - Blink                 Tloc           N/A          7%          2    None
c - Call Imp              Summ           ###.....     5%          2    None
d - Conjure Flame         Conj/Fire      ##......     16%         3    ##.....
e - Mephitic Cloud        Conj/Pois/Air  ##......     16%         3    ##.....


Dungeon Overview and Level Annotations

Branches:
Dungeon (3/15)

Altars:
Qazlal


Message History

The orc is heavily wounded.
The orc hits you with a flail.
Casting: Magic Dart
Confirm with . or Enter, or press ? or * to list all spells.
Aiming: Magic Dart
Press: ? - help, Shift-Dir - straight line, f/p - orc
Aim: an orc, wielding a flail and wearing a leather armour (heavily wounded)
The magic dart hits the orc.
The orc is severely wounded.
The orc hits you with a flail!
* * * LOW HITPOINT WARNING * * *
Casting: Magic Dart
Confirm with . or Enter, or press ? or * to list all spells.
Aiming: Magic Dart
Press: ? - help, Shift-Dir - straight line, f/p - orc
Aim: an orc, wielding a flail and wearing a leather armour (severely wounded)
The magic dart hits the orc.
The orc is almost dead.
The orc hits you with a flail!
You die...

...###...##.######
.................#
#.####...##..###.#
..# #........##.#
..# #..###..###.#
..# # #>.# #.# ..#
#..# #.# ..# #..#
#.# ..####. #..#
#@# ........ #..#
#o# ........ #..
#o# .#######
#..........# ##
##.###.....#
####).# .... ....
...


You could see 2 orcs.

Vanquished Creatures
  An orc priest (D:3)
  2 adders (D:3)
  2 worms (D:2)
  4 dart slugs
  3 leopard geckos
  4 orcs (D:3)
  3 giant cockroaches
  7 hobgoblins
  2 jackals (D:3)
  7 kobolds
  2 quokkas (D:2)
  9 bats
  3 frilled lizards
  7 goblins
  7 rats
63 creatures vanquished.

Notes
Turn   | Place    | Note
-------+----------+-------------------------------------------
     0 | D:1      | Ordine the Deep Elf Wizard began the quest for the Orb.
     0 | D:1      | Reached XP level 1. HP: 10/10 MP: 7/7
   161 | D:1      | Reached XP level 2. HP: 15/15 MP: 0/9
   241 | D:1      | Learned a level 2 spell: Blink
   244 | D:1      | Learned a level 2 spell: Call Imp
   899 | D:1      | Reached XP level 3. HP: 15/19 MP: 4/11
   965 | D:1      | Learned a level 3 spell: Conjure Flame
   969 | D:1      | Learned a level 3 spell: Mephitic Cloud
  1930 | D:2      | Found a stormy altar of Qazlal.
  2115 | D:3      | Reached XP level 4. HP: 24/24 MP: 6/12
  2130 | D:3      | Reached skill level 5 in Spellcasting
  2268 | D:3      | Noticed a steam dragon
  2667 | D:3      | Reached skill level 1 in Air Magic
  2672 | D:3      | Slain by an orc

Vault maps used:
D:1:      dpeg_arrival_three_same_balls, minivault_24
D:2:      grunt_qazlal_sundering, minmay_pentomino_q4
D:3:      first_bread, lightli_corner_chamber

Skill      XL: |  1  2  3  4 |
---------------+-------------+-----
Dodging        | 3 |  3.0
Stealth        | 3 |  3.7
Conjurations   | 2 |  2.2
Spellcasting   | 5 |  5.0
Summonings     | 2 |  2.1
Air Magic      | 1 |  1.0
Translocations | |  1.7
Fire Magic     | |  0.2
Poison Magic   | |  0.7

Action                   |  1- 3 |  4- 6 || total
-------------------------+-------+-------++-------
Melee: Unarmed           |     4 |       ||     4
       Hand axe          |     4 |     2 ||     6
 Cast: Magic Dart        |   129 |    41 ||   170
  Use: Scroll            |     5 |       ||     5
  Eat: Chunk             |     3 |     2 ||     5
Armor: Robe              |     4 |       ||     4
Dodge: Dodged            |    23 |    11 ||    34
